Map: Prion Terraces

Players

FireCake

  • Race: Zerg Zerg
  • League: Diamond

Solar - Winner!

  • Race: Zerg Zerg
  • League: Diamond

Event: DreamHack ROCCAT LotV Championship

VOD

Have the link to the VOD?

Description

Time

  • Played on: Nov. 28, 2015, 10:34 a.m.
  • Length: 5:46

All games in this series

Show
View Real Time Build Order
Export as new Build Order

FireCake Zerg 

Build Orders: Pool First 

Get SALT Encoding   

  12  0:00  Drone  
  13  0:08  Drone  
  14  0:18  Overlord  
  14  0:25  Drone, Extractor  
  15  0:36  Drone x2  
  17  0:45  Spawning Pool  
  17  0:49  Drone  
  17  1:03  Extractor  
  16  1:11  Hatchery  
  15  1:15  Drone  
  15  1:18  Drone  
  17  1:21  Drone  
  18  1:33  Queen  
  18  1:36  Zergling x2  
  21  1:40  Drone  
  22  1:48  Overlord  
  22  2:05  Metabolic Boost  
  22  2:08  Queen  
  22  2:15  Zergling x4  
  26  2:23  Drone  
  27  2:32  Overlord  
  27  2:33  Zergling x2  
  27  2:35  Drone  
  29  2:40  Baneling Nest  
  29  2:43  Zergling x2  
  29  2:48  Zergling x2  
  29  2:49  Zergling x2  
  31  2:54  Zergling x4  
  33  3:07  Zergling x6  
  36  3:18  Zergling x14  
  43  3:24  Baneling x2  
  43  3:25  Baneling  
  43  3:30  Zergling x2  
  44  3:37  Overlord  
  42  3:41  Roach Warren  
  35  3:56  Zergling x4  
  35  3:57  Zergling x10  
  33  4:03  Zergling x6  
  33  4:18  Drone  
  33  4:20  Drone  
  35  4:28  Drone  
  35  4:31  Roach x3  
  42  4:33  Roach x2  
  42  4:35  Drone x2  
  48  4:41  Overlord  
  48  4:57  Roach x2  
  52  5:02  Roach  
  52  5:03  Roach x3  
  52  5:05  Overlord  
  60  5:07  Baneling  
  60  5:08  Baneling  
  60  5:09  Baneling  
  59  5:20  Roach, Zergling x2  
Show
View Real Time Build Order
Export as new Build Order

Solar Zerg - Winner!

Build Orders: Hatch First 

Get SALT Encoding   

  12  0:01  Drone  
  13  0:12  Overlord  
  13  0:17  Drone  
  14  0:30  Drone x2  
  14  0:34  Drone  
  17  0:52  Hatchery  
  17  0:54  Drone  
  17  0:57  Drone  
  18  1:04  Extractor  
  18  1:06  Drone  
  18  1:15  Spawning Pool  
  18  1:18  Drone  
  18  1:28  Drone  
  19  1:38  Overlord  
  19  1:58  Drone  
  20  2:03  Zergling x2  
  20  2:04  Queen  
  20  2:05  Queen, Zergling x2  
  26  2:10  Metabolic Boost  
  26  2:13  Drone  
  27  2:16  Drone  
  28  2:24  Roach Warren  
  28  2:29  Zergling x2  
  28  2:33  Drone  
  28  2:34  Drone  
  29  2:37  Overlord  
  29  2:42  Overlord  
  29  2:47  Zergling x2  
  30  2:53  Zergling x2  
  31  3:00  Zergling x2  
  32  3:07  Roach  
  32  3:11  Roach x4  
  32  3:12  Overlord  
  42  3:13  Roach  
  42  3:15  Roach  
  42  3:19  Roach  
  48  3:22  Zergling x2  
  49  3:28  Roach  
  49  3:33  Zergling x2  
  52  3:39  Roach  
  54  3:42  Zergling x2  
  54  3:48  Overlord  
  55  3:52  Roach  
  55  3:53  Zergling x8  
  55  3:55  Zergling x2  
  49  4:03  Zergling x2  
  49  4:04  Extractor  
  49  4:07  Baneling Nest  
  49  4:08  Drone x2  
  49  4:16  Drone  
  50  4:18  Drone  
  50  4:28  Drone x2  
  50  4:29  Roach x2  
  50  4:30  Roach  
  50  4:31  Overlord  
  58  4:36  Zergling x2  
  59  4:42  Zergling x2  
  59  4:43  Zergling x2  
  61  4:50  Baneling x4  
  62  4:52  Zergling x2  
  62  4:53  Zergling x2  
  62  4:58  Zergling x10  
  67  5:00  Zergling x2  
  67  5:05  Baneling x2  
  67  5:06  Baneling  
  68  5:07  Baneling  
  68  5:08  Zergling x2  
  68  5:09  Zergling x2  
  70  5:18  Zergling x4  
  63  5:36  Ravager  
  63  5:37  Ravager  

Tags
 
Add a new tag
Caveats
  • Supply blocks, unpowered buildings, or Contaminate may cause inaccurate times.
  • Supply counts are checked every 10 seconds.